 Dungeon Crawl Stone Soup version 0.20.1-1-g8b1a95d (console) character file.

148 hilaritas the Shield-Bearer (level 5, -4/41 HPs)
             Began as a Formicid Fighter on Nov 9, 2017.
             Slain by Crazy Yiuf
             ... wielding a +2 quarterstaff of chaos
              (8 damage)
             ... on level 3 of the Dungeon.
             The game lasted 00:06:45 (3594 turns).

hilaritas the Shield-Bearer (Formicid Fighter)      Turns: 3594, Time: 00:06:46

Health: -4/41      AC:  9    Str: 21    XL:     5   Next: 56%
Magic:  5/5        EV:  2    Int:  8    God:
Gold:   38         SH:  0    Dex: 10    Spells: 4/4 levels left

rFire    . . .     SeeInvis +   a - +0 war axe
rCold    . . .     Gourm    .   c - +0 shield
rNeg     + + +     Faith    .   w - +0 chain mail
rPois    ∞         Spirit   .   (helmet unavailable)
rElec    .         Reflect  .   (no cloak)
rCorr    .         Harm     .   (no gloves)
MR       .....                  (no boots)
Stlth    ..........             (no amulet)
Regen    0.2/turn               (no ring)
MPRegen  0.1/turn               (no ring)

@: petrified, drained
A: permanent stasis, dig shafts and tunnels, four strong arms, antennae 3
a: Dig, Shaft Self


You were on level 3 of the Dungeon.
You were not hungry.

You visited 1 branch of the dungeon, and saw 3 of its levels.

You collected 38 gold pieces.

Inventory:

Hand Weapons
 a - a +0 war axe (weapon)
Armour
 c - a +0 shield (worn)
 w - a +0 chain mail (worn)
Wands
 b - a wand of polymorph (10/24)
Scrolls
 e - 3 scrolls of enchant weapon {unknown}
 j - a scroll of enchant armour {unknown}
 k - 5 scrolls of teleportation {unknown}
 l - a scroll of immolation {unknown}
 m - 2 scrolls of identify {unknown}
 n - 2 scrolls of remove curse {unknown}
 u - a scroll of magic mapping {unknown}
Potions
 d - 2 potions of might
 g - a potion of resistance {unknown}
 i - a potion of curing {unknown}
 o - a potion of haste {unknown}
 q - 4 potions of ambrosia {unknown}
 r - 3 potions of mutation {unknown}
Comestibles
 f - 2 bread rations
 p - 2 royal jellies
 s - a meat ration
 t - 3 fruits


   Skills:
 - Level 3.2(2.9) Fighting
 * Level 4.5(4.2) Axes
 - Level 3.2(2.9) Armour
 + Level 4.8(4.5) Shields


You had 4 spell levels left.
You didn't know any spells.

Dungeon Overview and Level Annotations

Branches:
Dungeon (3/15)

Altars:
Elyvilon
Kikubaaqudgha

Annotations:
D:3 Crazy Yiuf


Innate Abilities, Weirdness & Mutations

You cannot be hasted, slowed, berserked, paralysed or teleported.
You can dig through walls and to a lower floor.
Your four strong arms can wield two-handed weapons with a shield.
You have a pair of large antennae on your head. (SInv)


Message History

You are electrocuted!
* * * LOW HITPOINT WARNING * * *
Crazy Yiuf hits you with a quarterstaff of chaos.
* * * LOW HITPOINT WARNING * * *
Your stasis prevents you from being hasted.
You have turned to stone.
Crazy Yiuf says, "Iron koolooloo head!"
Crazy Yiuf hits you with a quarterstaff of chaos.
Crazy Yiuf burns you. Crazy Yiuf barely misses you.
Crazy Yiuf hits you with a quarterstaff of chaos.
Crazy Yiuf hits you with a quarterstaff of chaos.
* * * LOW HITPOINT WARNING * * *
Crazy Yiuf hits you but does no damage.
Your stasis prevents you from being slowed.
Crazy Yiuf hits you but does no damage.
Crazy Yiuf hits you with a quarterstaff of chaos.
* * * LOW HITPOINT WARNING * * *
You are electrocuted!
You die...

........###.#.#...#
#.#
........#..###....#
#.# ........####
#....# #.#
..#.....#### ♣....♣
#.# ..#>.#.....#
♣...♣♣ #.#
...........# ♣♣.♣♣
#.# ...........#
♣.♣♣ #.#
...........# ♣♣.♣
#.# ...........#
♣.♣♣ #.#
..#..####### ♣♣.♣
#.# .....# #@# #.#
.....####### #.g.#
#.# ..#........#
#...# #.###
...........# #.()#
#...# ...........#
##### ##.#.#
...........# #....#
^..........####
##.###
#####.........# #.#
#.........# ###
###########


You could see Crazy Yiuf.

Vanquished Creatures
  Robin (D:3)
  4 adders
  A shadow imp (D:3)
  2 worms
  2 dart slugs (D:2)
  A leopard gecko (D:2)
  An orc (D:3)
  7 bats
  5 giant cockroaches
  15 goblins
  9 hobgoblins
  8 jackals
  3 quokkas (D:2)
  A ball python (D:2)
  6 frilled lizards
  8 kobolds
  3 rats
77 creatures vanquished.

Notes
Turn   | Place    | Note
-------+----------+-------------------------------------------
     0 | D:1      | hilaritas the Formicid Fighter began the quest for the Orb.
     0 | D:1      | Reached XP level 1. HP: 18/18 MP: 1/1
   275 | D:1      | Reached XP level 2. HP: 23/24 MP: 2/2
   927 | D:1      | Reached XP level 3. HP: 29/29 MP: 3/3
  1586 | D:2      | Reached XP level 4. HP: 30/35 MP: 4/4
  2038 | D:2      | Found an ancient bone altar of Kikubaaqudgha.
  2038 | D:2      | Found a white marble altar of Elyvilon.
  2583 | D:3      | Reached XP level 5. HP: 14/41 MP: 5/5
  2863 | D:3      | Found a runed door.
  3079 | D:3      | Noticed Robin
  3105 | D:3      | Killed Robin
  3580 | D:3      | Noticed Crazy Yiuf
  3594 | D:3      | Slain by Crazy Yiuf

Skill      XL: |  1  2  3  4 |
---------------+-------------+-----
Shields        | 4 |  4.8
Axes           | 3 4 |  4.5
Fighting       | |  3.2
Armour         | |  3.2

Action                   |  1- 3 |  4- 6 || total
-------------------------+-------+-------++-------
Melee: War axe           |   142 |   159 ||   301
Throw: Throwing net      |       |     1 ||     1
  Eat: Chunk             |     2 |     7 ||     9
Armor: Scale mail        |    63 |    59 ||   122
       Chain mail        |       |    13 ||    13
Dodge: Dodged            |    53 |    50 ||   103
Block: Shield            |    79 |   100 ||   179
